 Dungeon Crawl Stone Soup version 0.22-a0-305-gd21a89c (webtiles) character file.

90 JeffiDaFish the Conjurer (level 4, -7/33 HPs)
             Began as a Draconian Conjurer on Mar 31, 2018.
             Mangled by Meejax's ghost (8 damage)
             ... on level 3 of the Dungeon.
             The game lasted 00:07:14 (3269 turns).

JeffiDaFish the Conjurer (Draconian Conjurer)       Turns: 3269, Time: 00:07:15

Health: -7/33      AC:  5    Str:  8 (10) XL:     4   Next: 32%
Magic:  1/9        EV: 12    Int: 16      God:
Gold:   119        SH:  0    Dex: 11 (12) Spells: 3/9 levels left

rFire    . . .     SeeInvis .   a - -1 dagger (curse)
rCold    . . .     Gourm    .   (no shield)
rNeg     . . .     Faith    .   (armour unavailable)
rPois    .         Spirit   .   (helmet restricted)
rElec    .         Reflect  .   (no cloak)
rCorr    .         Harm     .   (no gloves)
MR       .....                  (no boots)
Stlth    ++........             (no amulet)
HPRegen  0.11/turn              (no ring)
MPRegen  0.11/turn              (no ring)

@: no status effects
A: unfitting armour, cold-blooded, AC +5
a: no special abilities


You were on level 3 of the Dungeon.
You were not hungry.

You visited 1 branch of the dungeon, and saw 3 of its levels.

You collected 119 gold pieces.

Inventory:

Hand Weapons
 a - a cursed -1 dagger (weapon)
 e - a +0 spear
Jewellery
 d - an uncursed ring of flight {unknown}
Scrolls
 c - a scroll of identify
Comestibles
 b - 2 rations
 f - a chunk of flesh


   Skills:
 - Level 1.7 Dodging
 - Level 1.7 Stealth
 + Level 3.3 Spellcasting
 + Level 5.0 Conjurations


You had 3 spell levels left.
You knew the following spells:

 Your Spells              Type           Power        Failure   Level  Hunger
a - Magic Dart            Conj           ###.         2%          1    None
b - Searing Ray           Conj           ###...       3%          2    ##.....
c - Dazzling Spray        Conj/Hex       ##....       19%         3    ###....


Dungeon Overview and Level Annotations

Branches:
Dungeon (3/15)

Altars:
Cheibriados
Hepliaklqana
Kikubaaqudgha
Okawaru
Xom

Annotations:
D:3 Meejax's ghost, amateur MiFi


Innate Abilities, Weirdness & Mutations

Your plain brown scales are hard. (AC +5)
You cannot fit into any form of body armour.
You are cold-blooded and may be slowed by cold attacks.


Message History

Aiming: Searing Ray (safe; 3% risk of failure)
Press: ? - help, Shift-Dir - straight line, f/p - Meejax's ghost
Aim: Meejax's ghost (moderately damaged)
The searing ray hits Meejax's ghost.
Meejax's ghost is moderately damaged. (Press . to maintain the ray.) Meejax's ghost hits you!
The searing ray hits Meejax's ghost.
Meejax's ghost is heavily damaged.
Meejax's ghost hits you!
* * * LOW HITPOINT WARNING * * *
The searing ray hits Meejax's ghost.
Meejax's ghost is heavily damaged.
Meejax's ghost hits you but does no damage.
Without enough magic to sustain it, your searing ray dissipates.
Meejax's ghost hits you.
* * * LOW HITPOINT WARNING * * *
Meejax's ghost whispers, "The ORB doesn't exist."
Meejax's ghost hits you!
You die...

#..........#
#..........#
#..........#
#..........#
##!.........#
..............####
...).............#
.............W.##.#
###.##.##.#...@# #
... #. #.#.#### ..
#. #.#.# #.#.#
#.#.# #.


You could see Meejax's ghost.

Vanquished Creatures
  4 adders
  An ooze (D:2)
  A worm (D:2)
  A leopard gecko (D:2)
  A bat (D:1)
  2 giant cockroaches (D:1)
  3 goblins (D:2)
  6 hobgoblins
  4 jackals (D:1)
  9 kobolds
  A quokka (D:2)
  A ball python (D:1)
  3 frilled lizards
  12 rats
49 creatures vanquished.

Notes
Turn   | Place    | Note
-------+----------+-------------------------------------------
     0 | D:1      | JeffiDaFish the Draconian Conjurer began the quest for the Orb.
     0 | D:1      | Reached XP level 1. HP: 14/14 MP: 3/3
   370 | D:1      | Reached XP level 2. HP: 20/20 MP: 0/5
   794 | D:1      | Found a sparkling altar of Nemelex Xobeh.
   913 | D:1      | Found a hazy altar of Hepliaklqana.
   913 | D:1      | Found a deep blue altar of Sif Muna.
   915 | D:1      | Found an ancient bone altar of Kikubaaqudgha.
   915 | D:1      | Found a shimmering altar of Xom.
   915 | D:1      | Found a snail-covered altar of Cheibriados.
  1857 | D:2      | Reached XP level 3. HP: 13/26 MP: 2/7
  1869 | D:2      | Learned a level 2 spell: Searing Ray
  1873 | D:2      | Learned a level 3 spell: Dazzling Spray
  2063 | D:2      | Found an iron altar of Okawaru.
  3049 | D:2      | Reached XP level 4. HP: 33/33 MP: 3/8
  3190 | D:3      | Reached skill level 5 in Conjurations
  3194 | D:3      | Noticed Meejax's ghost (amateur MiFi)
  3268 | D:3      | HP: 1/33 [Meejax's ghost (4)]
  3269 | D:3      | Mangled by Meejax's ghost

Vault maps used:
D:1:      onia_arrival_handbag, doesnt_xom_only_xom
D:2:      okawaru_gym_becter
D:3:      first_ration

Skill      XL: |  1  2  3  4 |
---------------+-------------+-----
Spellcasting   | 3 |  3.3
Conjurations   | 5 |  5.0
Dodging        | |  1.7
Stealth        | |  1.7

Action                   |  1- 3 |  4- 6 || total
-------------------------+-------+-------++-------
Melee: Unarmed           |    14 |       ||    14
       Dagger            |   165 |     3 ||   168
       Tailslap          |    15 |     1 ||    16
 Cast: Magic Dart        |    65 |     3 ||    68
       Searing Ray       |     2 |     5 ||     7
  Use: Potion            |     4 |       ||     4
       Scroll            |     2 |       ||     2
 Stab: Sleeping          |     1 |       ||     1
  Eat: Chunk             |     8 |     1 ||     9
Armor: Skin              |    49 |     4 ||    53
Dodge: Dodged            |   126 |     4 ||   130

Table legend:
 A = Spawn XP
 B = Non-spawn XP
 C = Spawn XP percentage of total XP
 D = Spawn monster count
 E = Non-spawn monster count
 F = Spawn count percentage of total count
 G = Total turns spent on level
                    A         B        C        D         E        F      G
               +---------+---------+-------+---------+---------+-------+---------
         Total |       0 |     129 |   0.0 |       0 |      49 |   0.0 |  3269
               +---------+---------+-------+---------+---------+-------+---------
           D:1 |       0 |      37 |   0.0 |       0 |      25 |   0.0 |  1799
           D:2 |       0 |      77 |   0.0 |       0 |      22 |   0.0 |  1425
           D:3 |       0 |      15 |   0.0 |       0 |       2 |   0.0 |    45
               +---------+---------+-------+---------+---------+-------+---------
